[Event "Early-Titled-Tuesday-Blitz-September-12-2023"]
[Site "Chess.com"]
[Date "2023.09.12"]
[Round "2"]
[White "Mikayel99"]
[Black "jk13"]
[Result "0-1"]
[WhiteElo "2334"]
[BlackElo "2707"]
[TimeControl "180+1"]
[EndTime "8:17:26 PDT"]
[Termination "jk13 won by resignation"]

1. e4 c5 2. Nf3 e6 3. d4 cxd4 4. Nxd4 a6 5. Bd3 Qc7 6. O-O Nf6 7. Kh1 Nc6 8. Nxc6 dxc6 9. f4 e5 10. Qe1 Bd6 11. Nd2 b5 12. Nf3 Nd7 13. Qg3 O-O 14. fxe5 Nxe5 15. Bf4 Re8 16. a4 Rb8 17. axb5 axb5 18.
Nd4 f6 19. Nf5 Bxf5 20. exf5 Rbd8 21. Bxe5 Bxe5 22. Qf2 Bd4 23. Qf3 Bxb2 24. Ra6 Rd6 25. Be4 c5 26. Bd5+ Kh8 27. Be6 Rxa6 28. Qh5 Raxe6 29.
fxe6 Rxe6 30. Qd5 Re8 31. Qb3 Be5 32. Qxb5 Rb8 33. Qd3 Bxh2 34. Rd1 Be5 35. Qf5 h6 36. Kg1 Bd4+ 37. Kh1 Qg3 0-1

[Event "Early-Titled-Tuesday-Blitz-September-12-2023"]
[Site "Chess.com"]
[Date "2023.09.12"]
[Round "2"]
[White "Arteler"]
[Black "Roman_Ovetchkin"]
[Result "1-0"]
[WhiteElo "2422"]
[BlackElo "2628"]
[TimeControl "180+1"]
[EndTime "8:17:26 PDT"]
[Termination "Arteler won by resignation"]

1. e4 c6 2. d4 d5 3. exd5 cxd5 4. c4 Nf6 5. Nc3 g6 6. Qb3 Bg7 7. cxd5 O-O 8. Be2 Nbd7 9. Bf3 Nb6 10. Nge2 Bg4 11. Bxg4 Nxg4 12. Bf4 Nf6 13. d6 exd6 14. O-O Re8 15. Rfe1 Qd7 16. a4 Qe6 17. Qb4 Rad8 18. Bg5 Rd7 19. a5 Nbd5 20. Nxd5 Nxd5 21. Qd2 Rc8 22. Nc3 Qf5 23. Bh4 Nxc3 24. bxc3 Rdc7 25. Ra3 h6 26. Bg3 Qd5 27. h3 Kh7 28. Re3 Bf6 29. Qe2 Kg7 30. Rf3 Rc6 31. Qe3 Qf5 32. Rxf5 1-0

[Event "Early-Titled-Tuesday-Blitz-September-12-2023"]
[Site "Chess.com"]
[Date "2023.09.12"]
[Round "2"]
[White "Machteld145"]
[Black "DKmirl"]
[Result "1-0"]
[WhiteElo "2498"]
[BlackElo "2262"]
[TimeControl "180+1"]
[EndTime "8:17:26 PDT"]
[Termination "Machteld145 won by checkmate"]

1. e4 c5 2. Nf3 Nc6 3. Bb5 g6 4. O-O Bg7 5. c3 Nf6 6. e5 Nd5 7. d4 cxd4 8. cxd4 O-O 9. Nc3 Nc7 10. Bc4 d5 11. Bb3 Bg4 12. Be3 Na5 13. h3 Nxb3 14.
axb3 Bd7 15. Re1 Bc6 16. Qd2 Re8 17. Na4 Ne6 18. Qb4 Rc8 19. Nc5 Nxc5 20. Qxc5 b6 21. Qb4 a5 22. Qd2 Bb5 23. Bh6 Bh8 24. e6 f6 25. Rac1 Qd6 26. Bf4 Qd8 27. b4 a4 28.
Rc3 Rc4 29. Rxc4 Bxc4 30. Qc2 b5 31. Nh4 Bg7 32. Nxg6 Bb3 33. Qf5 Qb6 34. Qh5 Qa7 35. Nh4 Rf8 36. Nf5 Kh8 37. Nxg7 Kxg7 38. Bh6+ Kg8 39. Qg4+ Kh8 40. Qg7# 1-0

[Event "Early-Titled-Tuesday-Blitz-September-12-2023"]
[Site "Chess.com"]
[Date "2023.09.12"]
[Round "2"]
[White "PapiPapita"]
[Black "MatthewG-p4p"]
[Result "0-1"]
[WhiteElo "2571"]
[BlackElo "2889"]
[TimeControl "180+1"]
[EndTime "8:17:27 PDT"]
[Termination "MatthewG-p4p won by resignation"]

1. d4 Nf6 2. Bf4 c5 3. d5 b5 4. e4 Nxe4 5. Qf3 Nf6 6. Bxb5 Bb7 7. c4 Qb6 8. Qe2 g6 9. Nf3 Bg7 10. Nc3 O-O 11. O-O e6 12. Rad1 a6 13. Ba4 exd5 14.
cxd5 d6 15. Rfe1 Nbd7 16. Bc6 Rae8 17. Qd2 Rxe1+ 18. Rxe1 Bxc6 19. dxc6 Qxc6 20. Qxd6 Qb7 21. Re2 Re8 22. b3 Rxe2 23. Nxe2 Qe4 24. Qd2 Nd5 25. Bg3 Qb1+ 26. Ne1 N7f6 27. h3 Ne4 28. Qc1 Qxa2 29. Nf4 Nec3 30. Qc2 Qxc2 31. Nxc2 Nxf4 0-1

[Event "Early-Titled-Tuesday-Blitz-September-12-2023"]
[Site "Chess.com"]
[Date "2023.09.12"]
[Round "2"]
[White "FredddieCroderg"]
[Black "YEIKO2017"]
[Result "0-1"]
[WhiteElo "2273"]
[BlackElo "2508"]
[TimeControl "180+1"]
[EndTime "8:17:28 PDT"]
[Termination "YEIKO2017 won by resignation"]

1. e4 c5 2. Nf3 d6 3. d4 cxd4 4.
Nxd4 Nf6 5. Nc3 g6 6. Be3 Bg7 7. f3 O-O 8. Qd2 Nc6 9. O-O-O d5 10. exd5 Nxd5 11. Nxc6 bxc6 12. Bd4 Bxd4 13. Qxd4 Qb6 14. Na4 Qa5 15. b3 Bf5 16. Qc5 Qxc5 17. Nxc5 Rad8 18. Bd3 Bxd3 19. Rxd3 Nf4 20. Rxd8 Rxd8 21. g3 Rd5 22. Ne4 Ne2+ 23. Kb2 Nd4 24. f4 f5 25. Nc3 Rd6 26. Re1 Kf7 27. Na4 Kf6 28. Nc5 h6 29. Nd3 g5 30. Rf1 g4 31. Ne5 c5 32. Rf2 h5 33.
Nc4 Rd8 34. c3 Nf3 35. Kc2 h4 36. b4 cxb4 37. cxb4 Rc8 38. Kc3 e5 39. fxe5+ Nxe5 40. Rf4 Nxc4 41. Rxc4 Rxc4+ 42. Kxc4 f4 43. gxh4 g3 44.
hxg3 fxg3 45. Kd3 g2 46. Ke2 g1=Q 0-1

[Event "Early-Titled-Tuesday-Blitz-September-12-2023"]
[Site "Chess.com"]
[Date "2023.09.12"]
[Round "2"]
[White "WaybackBoy"]
[Black "Jenia84"]
[Result "1-0"]
[WhiteElo "2719"]
[BlackElo "2378"]
[TimeControl "180+1"]
[EndTime "8:17:29 PDT"]
[Termination "WaybackBoy won on time"]

1. d4 Nf6 2. c4 e6 3. g3 d5 4.
Bg2 Bb4+ 5. Nd2 O-O 6. Nf3 c5 7. cxd5 exd5 8. a3 Bxd2+ 9. Bxd2 Ne4 10. dxc5 Nxc5 11. O-O Nc6 12. Rc1 Ne4 13. Be3 Be6 14. Nd4 Nxd4 15. Qxd4 Qa5 16. h4 Qa6 17. Bf3 b6 18. h5 h6 19. Qe5 Rac8 20. Bd4 Nf6 21. Qf4 Nd7 22. Qd6 Rxc1 23. Rxc1 Rc8 24. Rc3 Rxc3 25.
Bxc3 Qc4 26. e3 Qc5 27. Qf4 Qc4 28. Bd4 Qd3 29. Kg2 Qb1 30. g4 Qd3 31. Qc7 Nf6 32.
Bxf6 gxf6 33. Qxa7 Qc4 34. Qxb6 Bxg4 35. Qxf6 Bxf3+ 36. Qxf3 Qd3 37. Qg4+ Kf8 38. Qc8+ Kg7 39. Qc3+ 1-0

[Event "Early-Titled-Tuesday-Blitz-September-12-2023"]
[Site "Chess.com"]
[Date "2023.09.12"]
[Round "2"]
[White "Slovak_fighter2000"]
[Black "Rurep26"]
[Result "0-1"]
[WhiteElo "2424"]
[BlackElo "2811"]
[TimeControl "180+1"]
[EndTime "8:17:29 PDT"]
[Termination "Rurep26 won by resignation"]

1. Nf3 d5 2. g3 c6 3. Bg2 Nf6 4. c4 dxc4 5. a4 Na6 6. Na3 Be6 7. Ne5 Bd5 8. O-O Bxg2 9. Kxg2 Qd5+ 10. Nf3 g5 11. Kg1 h5 12. Qc2 g4 13. Nh4 e6 14.
Qxc4 Nb4 15. d3 Be7 16. Bd2 a5 17. Qxd5 Nfxd5 18. Ng2 h4 19. Nf4 hxg3 20. hxg3 Nxf4 21. Bxf4 Nd5 22. Bd2 f6 23. Kg2 Bxa3 24. Rxa3 Kd7 25. Rh1 Rxh1 26. Kxh1 Kc7 27. Kg2 b6 28. Ra1 Rh8 29. Rc1 Kb7 30. Rh1 Rxh1 31. Kxh1 Ka6 32. Kg2 b5 33. axb5+ cxb5 34. f3 f5 35. e4 Ne7 36. Kf2 Nc6 37. fxg4 fxg4 38. Ke3 e5 39. b3 b4 40. Bc1 Kb5 41. Bb2 a4 42. bxa4+ Kxa4 43.
Kd2 Kb3 44. Kc1 Ka2 45. Kc2 Nd4+ 46. Kc1 Ne2+ 47. Kc2 b3+ 48. Kd2 Kxb2 49. Kxe2 Kc2 0-1

[Event "Early-Titled-Tuesday-Blitz-September-12-2023"]
[Site "Chess.com"]
[Date "2023.09.12"]
[Round "2"]
[White "Ducke13"]
[Black "dadice10"]
[Result "1-0"]
[WhiteElo "2484"]
[BlackElo "2207"]
[TimeControl "180+1"]
[EndTime "8:17:29 PDT"]
[Termination "Ducke13 won by resignation"]

1. d4 d5 2. g3 Nf6 3. Nf3 g6 4.
c4 Bg7 5. Bg2 O-O 6. cxd5 Nxd5 7. O-O Nb6 8. Nc3 Nc6 9. d5 Na5 10. e4 c6 11. Re1 Bg4 12. h3 Bxf3 13. Bxf3 cxd5 14. exd5 Nac4 15. Qe2 Re8 16. Bg5 Rc8 17. Bxe7 Qd7 18. d6 Nxb2 19. Ne4 N2c4 20. Rad1 Ne5 21. Kg2 Nxf3 22. Qxf3 Qc6 23. Rc1 Qd7 24. Rxc8 Nxc8 25. Rd1 f5 26. Qb3+ Kh8 27. Nf6 1-0

[Event "Early-Titled-Tuesday-Blitz-September-12-2023"]
[Site "Chess.com"]
[Date "2023.09.12"]
[Round "2"]
[White "GodDMuhammad"]
[Black "LoaySameer"]
[Result "1-0"]
[WhiteElo "2344"]
[BlackElo "2515"]
[TimeControl "180+1"]
[EndTime "8:17:30 PDT"]
[Termination "GodDMuhammad won by resignation"]

1. f4 g6 2. Nf3 Bg7 3. g3 Nf6 4. d3 O-O 5. e4 d5 6. e5 Nfd7 7.
Bg2 c5 8. c3 Nc6 9. Be3 e6 10.
O-O b6 11. d4 a5 12. Nbd2 a4 13. Rf2 a3 14. b3 cxd4 15. Nxd4 Nxd4 16. Bxd4 Qc7 17. c4 Bb7 18. cxd5 Bxd5 19. Rc1 Qb7 20. Nc4 Bxg2 21. Rxg2 Rfc8 22. Rgc2 Qd5 23. Bf2 Rab8 24. Qxd5 exd5 25. Nxa3 Rxc2 26. Rxc2 Bf8 27. Nb5 Bc5 28. Rd2 Ra8 29. a4 Nf8 30. Bxc5 bxc5 31. Rxd5 Ne6 32. Rd7 Kf8 33. Nd6 Kg8 34. Nxf7 Rb8 35. Nh6+ Kh8 36. f5 gxf5 37. Nxf5 Kg8 38. Re7 Nd4 39.
Nxd4 cxd4 40. Rd7 Rb4 41. a5 Rxb3 42. Rxd4 Ra3 43. Rd5 Kf7 44. Kg2 Ke6 45. Rb5 Ra4 46. h4 h5 47. Rb6+ Kf5 48. Rf6+ Kxe5 49. Rh6 Ke4 50. Rxh5 Ra2+ 51. Kh3 Kf3 52. Rf5+ Ke4 53. Rg5 Kf3 54. h5 Ra1 55. Kh2 Ra2+ 56. Kh3 Ra1 57.
Rf5+ Ke4 58. Rf4+ Ke5 59. Kg4 Rxa5 60. Rf5+ 1-0

[Event "Early-Titled-Tuesday-Blitz-September-12-2023"]
[Site "Chess.com"]
[Date "2023.09.12"]
[Round "2"]
[White "tsaruk_maks"]
[Black "kleopl"]
[Result "1-0"]
[WhiteElo "2764"]
[BlackElo "2511"]
[TimeControl "180+1"]
[EndTime "8:17:31 PDT"]
[Termination "tsaruk_maks won by checkmate"]

1. e4 c5 2. Ne2 Nf6 3. Nbc3 d6 4. g3 Nc6 5. Bg2 g6 6. O-O Bg7 7. d3 O-O 8. h3 Rb8 9. Be3 Nd7 10. Qd2 Nd4 11. Kh2 b5 12. Rac1 b4 13.
Nd1 Nxe2 14. Qxe2 Qa5 15. Ra1 Ba6 16. Qd2 Rfc8 17. a3 c4 18. Bxa7 c3 19. bxc3 bxc3 20.
Qe3 Rb2 21. Nxb2 cxb2 22. Rab1 Rxc2 23. Bd4 Qxa3 24. Bxg7 Kxg7 25. Rfd1 Ne5 26. Rd2 Rxd2 27. Qxd2 Bxd3 28. Qxb2 Qc5 29. Rd1 f6 30. f4 Nc4 31.
Qb7 Qe3 32. Qxe7+ Kh6 33. Qf8+ Kh5 34. g4+ Kh4 35. Qh6# 1-0

[Event "Early-Titled-Tuesday-Blitz-September-12-2023"]
[Site "Chess.com"]
[Date "2023.09.12"]
[Round "2"]
[White "skoularikii"]
[Black "nitpicker"]
[Result "1-0"]
[WhiteElo "2516"]
[BlackElo "2292"]
[TimeControl "180+1"]
[EndTime "8:17:31 PDT"]
[Termination "skoularikii won on time"]

1. e4 c5 2. Nf3 d6 3. d4 cxd4 4. Nxd4 Nf6 5. Nc3 Nc6 6. Bg5 Qb6 7. Nb3 e6 8. Bd3 a6 9. O-O Be7 10. a4 O-O 11. a5 Qc7 12. Qd2 Rd8 13. Ra4 Nd7 14.
Bxe7 Nxe7 15. Rc4 Nc6 16. Na4 Nde5 17. Rc3 Bd7 18. Nb6 Rab8 19. f4 Nxd3 20. cxd3 Be8 21.
d4 d5 22. e5 Qe7 23. Rc5 f6 24.
exf6 Qxf6 25. Re1 Bg6 26. Qe3 Rd6 27. Rc3 Rf8 28. g3 Bf5 29. Nc5 Nxd4 30. Ncd7 Nc2 31. Nxf6+ 1-0

[Event "Early-Titled-Tuesday-Blitz-September-12-2023"]
[Site "Chess.com"]
[Date "2023.09.12"]
[Round "2"]
[White "Mikedannnn"]
[Black "mitrabhaa"]
[Result "0-1"]
[WhiteElo "2557"]
[BlackElo "2852"]
[TimeControl "180+1"]
[EndTime "8:17:32 PDT"]
[Termination "mitrabhaa won by resignation"]

1. e4 c6 2. d4 d5 3. e5 Bf5 4. Nf3 e6 5. Be2 Ne7 6. O-O Ng6 7. Be3 Nd7 8. Nbd2 f6 9. exf6 Qxf6 10. Bg5 Qf7 11.
h4 Bd6 12. h5 Nf4 13. Bxf4 Bxf4 14. Nh4 O-O 15. Nxf5 exf5 16. Bd3 Rae8 17. c3 g6 18. Nf3 Nf6 19. hxg6 hxg6 20. g3 Bd6 21. Ng5 Qe7 22. Kg2 Ne4 23. Nf3 Kg7 24. Rh1 Rh8 25. Qe2 Qc7 26. Bxe4 dxe4 27. Nd2 Qe7 28. Nc4 Bc7 29. Rxh8 Rxh8 30. Rh1 Rxh1 31. Kxh1 Qg5 32. Qe3 Qg4 33. Kg2 Bd8 34. Ne5 Qh5 35. d5 Bf6 36. Nd7 cxd5 37. Qxe4 dxe4 0-1

[Event "Early-Titled-Tuesday-Blitz-September-12-2023"]
[Site "Chess.com"]
[Date "2023.09.12"]
[Round "2"]
[White "GiorgianBarbosa"]
[Black "JAN2404"]
[Result "1-0"]
[WhiteElo "2451"]
[BlackElo "2019"]
[TimeControl "180+1"]
[EndTime "8:17:32 PDT"]
[Termination "GiorgianBarbosa won by resignation"]

1. d4 Nf6 2. c4 g6 3. Nc3 Bg7 4. e4 d6 5. Nf3 O-O 6. Be2 e5 7. O-O Nc6 8. d5 Ne7 9. Bd2 c6 10. Ne1 a5 11. Nd3 Nd7 12. Kh1 f5 13. f3 f4 14. dxc6 bxc6 15. c5 d5 16. exd5 cxd5 17. Rc1 Bb7 18. Na4 Nc6 19. a3 Kh8 20. b4 axb4 21. axb4 Ba6 22. Ra1 e4 23. Nxf4 Bxa1 24. Qxa1+ Qf6 25. Qxf6+ Nxf6 26. Nb6 exf3 27. Bxa6 Rxa6 28.
b5 fxg2+ 29. Nxg2 Ra2 30. bxc6 Rxd2 31. c7 Ng4 32. Rxf8+ Kg7 1-0

[Event "Early-Titled-Tuesday-Blitz-September-12-2023"]
[Site "Chess.com"]
[Date "2023.09.12"]
[Round "2"]
[White "HamedWafa4"]
[Black "Sleepless_Knightmare"]
[Result "0-1"]
[WhiteElo "2557"]
[BlackElo "2404"]
[TimeControl "180+1"]
[EndTime "8:17:33 PDT"]
[Termination "Sleepless_Knightmare won by resignation"]

1. Nf3 d5 2. g3 c6 3. Bg2 Bg4 4. O-O Nd7 5. c4 e6 6. d3 h5 7. h3 Bxf3 8. Bxf3 h4 9. g4 Bd6 10. Qb3 Qb6 11. Be3 Bc5 12. Qxb6 axb6 13. d4 Bd6 14.
cxd5 exd5 15. Nc3 Ngf6 16. Bd2 O-O-O 17. Rac1 Kb8 18. e4 dxe4 19. Nxe4 Nxe4 20. Bxe4 Rhe8 21. Bf3 f6 22. Rfe1 g5 23. Kf1 Nf8 24. Rxe8 Rxe8 25. d5 c5 26. Re1 Rxe1+ 27. Kxe1 Be5 28. b3 Kc7 29. Be4 Kd6 30. Ke2 b5 31. b4 b6 32. a3 Nd7 33. Kd3 c4+ 34. Ke2 Bb2 35. f4 gxf4 36. Bxf4+ Ne5 37. Kd2 Bd4 38. Kc2 Bf2 39. Bf5 Bg3 40. Bh6 Nf3 41. Bg7 Nd4+ 42. Kd2 Nxf5 43. gxf5 Be5 44. Ke3 Kxd5 45. Bf8 Bb2 46.
Kf4 Bxa3 47. Be7 Bb2 48. Bd8 Be5+ 49. Kg4 c3 50. Bxb6 Bd4 51. Bc7 Be3 0-1

[Event "Early-Titled-Tuesday-Blitz-September-12-2023"]
[Site "Chess.com"]
[Date "2023.09.12"]
[Round "2"]
[White "Lennis93"]
[Black "Juicy_Fork"]
[Result "1-0"]
[WhiteElo "2747"]
[BlackElo "2442"]
[TimeControl "180+1"]
[EndTime "8:17:35 PDT"]
[Termination "Lennis93 won on time"]

1. Nf3 Nf6 2. c4 g6 3. Nc3 Bg7 4. e4 d6 5. d4 O-O 6. h3 e5 7. d5 Na6 8. Be3 Nc5 9. Bd3 a5 10.
Bc2 Nh5 11. g3 Qe8 12. Nh4 f5 13. exf5 gxf5 14. Qe2 f4 15. Bxc5 dxc5 16. g4 f3 17. Qd3 Nf6 18. O-O-O h6 19. Rhe1 a4 20. Ng6 e4 21.
Nxf8 exd3 22. Rxe8 Nxe8 23. Bxa4 Bxc3 24. Bxe8 Kxf8 25.
Bg6 Bd4 26. Rxd3 Rxa2 27. Rxf3+ Kg7 28. Bh5 Rxb2 29. Rf7+ Kg8 30. Rxc7 Rxf2 31. Rxc8+ Kg7 32. Rc7+ Kf6 33. Rxb7 Kg5 34. d6 Rf6 35. d7 Rd6 36. Be8 Kf6 37. Rb6 Ke7 38. Rxd6 1-0

[Event "Early-Titled-Tuesday-Blitz-September-12-2023"]
[Site "Chess.com"]
[Date "2023.09.12"]
[Round "2"]
[White "Zampronha1971"]
[Black "Redzishchess"]
[Result "1-0"]
[WhiteElo "2315"]
[BlackElo "2488"]
[TimeControl "180+1"]
[EndTime "8:17:36 PDT"]
[Termination "Zampronha1971 won on time"]

1. e4 c6 2. d4 d5 3. e5 c5 4. Nf3 cxd4 5. Nxd4 Nc6 6. c4 e6 7. Nxc6 bxc6 8. Nc3 Bb4 9. Qa4 Bxc3+ 10. bxc3 Ne7 11. Bd3 O-O 12. O-O Qc7 13. Ba3 c5 14.
Qb5 Qxe5 15. Bxc5 dxc4 16. Bxc4 Ba6 17. Qxa6 Qxc5 18. Bb3 Rfc8 19. Rac1 Ng6 20. Rfd1 Nf4 21. g3 Nh3+ 22. Kg2 Nxf2 23. Rd4 e5 24. Rd7 Ng4 25. Rxf7 Kh8 26. Qe2 Nf6 27. Rf1 Rab8 28. R1xf6 gxf6 29. Qh5 1-0

[Event "Early-Titled-Tuesday-Blitz-September-12-2023"]
[Site "Chess.com"]
[Date "2023.09.12"]
[Round "2"]
[White "GamayevOleg"]
[Black "Francisco_Ferrari"]
[Result "1-0"]
[WhiteElo "2475"]
[BlackElo "2153"]
[TimeControl "180+1"]
[EndTime "8:17:36 PDT"]
[Termination "GamayevOleg won on time"]

1. d4 Nf6 2. Bf4 g6 3. e3 Bg7 4. Nd2 O-O 5. c3 d6 6. Ngf3 Nbd7 7. h3 Qe8 8. Be2 e5 9. Bh2 Qe7 10. O-O c6 11. b4 b5 12. a4 Nd5 13. Qb3 exd4 14. Nxd4 Bb7 15. N2f3 a6 16. c4 bxc4 17.
Bxc4 N7f6 18. Rac1 Nxb4 19. Qxb4 c5 20. Qb3 cxd4 21.
Nxd4 Rab8 22. Qa2 Ne4 23. Bd5 Be5 24. Bxb7 Rxb7 25. Nc6 Bxh2+ 26. Kxh2 Qh4 27. Rc4 d5 28. Rd4 Qg5 29. Qxd5 Qxd5 30. Rxd5 Nc3 31. Rd4 Rc8 32. Ne5 a5 33. Rc1 Rb4 34. Rd3 Re8 35. Nd7 Ne4 36.
f3 Nf2 37. Rd2 Re7 38. Nf6+ Kg7 39. Nd5 Rd7 40. e4 Rxa4 41. Rxf2 1-0

[Event "Early-Titled-Tuesday-Blitz-September-12-2023"]
[Site "Chess.com"]
[Date "2023.09.12"]
[Round "2"]
[White "mamey78"]
[Black "crazy_m_attack"]
[Result "1-0"]
[WhiteElo "2563"]
[BlackElo "2375"]
[TimeControl "180+1"]
[EndTime "8:17:37 PDT"]
[Termination "mamey78 won on time"]

1. e4 e5 2. Nf3 Nc6 3. Bb5 a6 4. Ba4 Nf6 5. O-O Be7 6. Re1 b5 7. Bb3 O-O 8. c3 d5 9. exd5 Nxd5 10. d4 exd4 11. Nxd4 Nxd4 12. Qxd4 Bb7 13. Nd2 c5 14. Qg4 Nf6 15. Qh3 Bd6 16. Nf1 Bc8 17. Qh4 Bf5 18.
Ng3 Bg6 19. Bf4 Bxf4 20. Qxf4 Re8 21. Rad1 Qb6 22. a3 c4 23. Ba2 Rad8 24. h4 Bc2 25. Rc1 Bd3 26. h5 h6 27. Bb1 Qc5 28. Qf3 Rxe1+ 29.
Rxe1 Qg5 30. a4 Qd2 31. Rd1 Qxb2 32. Bxd3 cxd3 33. Nf5 d2 34. Nxh6+ gxh6 35. Qxf6 Qc1 36. Qxd8+ Kg7 37. Qxd2 Qxd2 38. Rxd2 bxa4 39. Ra2 1-0

[Event "Early-Titled-Tuesday-Blitz-September-12-2023"]
[Site "Chess.com"]
[Date "2023.09.12"]
[Round "2"]
[White "Azerichess"]
[Black "jguerramzllo"]
[Result "0-1"]
[WhiteElo "3038"]
[BlackElo "2825"]
[TimeControl "180+1"]
[EndTime "8:17:39 PDT"]
[Termination "jguerramzllo won by resignation"]

1. d4 d5 2. Nf3 Nf6 3. Bf4 e6 4. e3 Bd6 5. Bxd6 cxd6 6. c4 O-O 7. cxd5 Nxd5 8. e4 Nf6 9. Bd3 Nc6 10. Nbd2 e5 11. d5 Ne7 12. O-O Bg4 13. Qb3 Bxf3 14. Nxf3 Nd7 15. Qa3 Nc5 16. Bc2 a5 17. Nd2 b5 18. Rac1 Qb6 19. h4 Rfc8 20. h5 h6 21.
Qh3 Rc7 22. Bd1 Nd7 23. Be2 Raa7 24. Qb3 Qd4 25. Rcd1 a4 26. Qxb5 Rcb7 27. Qc4 Rxb2 28. Qxd4 exd4 29. Bd3 Rxa2 30. Nc4 Nc8 31. f4 Ndb6 32.
Rc1 a3 33. Nxd6 Nxd6 34. Rc6 Nbc8 35. e5 Rd2 36. exd6 Nxd6 37. Rc8+ Nxc8 0-1

[Event "Early-Titled-Tuesday-Blitz-September-12-2023"]
[Site "Chess.com"]
[Date "2023.09.12"]
[Round "2"]
[White "DishonorOnYourCow"]
[Black "InitiatingASC"]
[Result "0-1"]
[WhiteElo "2512"]
[BlackElo "2352"]
[TimeControl "180+1"]
[EndTime "8:17:39 PDT"]
[Termination "InitiatingASC won by resignation"]

1. d4 Nf6 2. c4 e6 3. Nf3 c5 4. d5 exd5 5. cxd5 d6 6. Nc3 g6 7. Nd2 Bg7 8. e4 O-O 9. Be2 Na6 10. O-O Nc7 11. a4 Re8 12. f4 b6 13. Bf3 Ba6 14.
Re1 Bd3 15. Nf1 c4 16. Ng3 b5 17. axb5 Nxb5 18. Nxb5 Qb6+ 19. Nd4 Qxd4+ 20. Be3 Qxb2 21. e5 dxe5 22. fxe5 Rxe5 23. d6 Rd8 24. Bxa7 Rxe1+ 25. Qxe1 Rxd6 26. Bc5 Rd8 27. Rc1 Re8 28. Qd1 Nd7 29. Bf2 Bd4 30. Bxd4 Qxd4+ 31. Kh1 Ne5 32. Be2 Qe3 33.
h3 Qxg3 0-1

[Event "Early-Titled-Tuesday-Blitz-September-12-2023"]
[Site "Chess.com"]
[Date "2023.09.12"]
[Round "2"]
[White "twofoxniel"]
[Black "BillieKimbah"]
[Result "1-0"]
[WhiteElo "2648"]
[BlackElo "3016"]
[TimeControl "180+1"]
[EndTime "8:17:40 PDT"]
[Termination "twofoxniel won by resignation"]

1. e4 e5 2. Nf3 Nc6 3. Bc4 Bc5 4.
d3 d6 5. Nc3 Na5 6. Bb3 Nxb3 7.
axb3 a6 8. Be3 Bxe3 9. fxe3 Ne7 10. O-O O-O 11. Qe1 f6 12. Nh4 Be6 13. Qg3 Qd7 14.
Rf2 b5 15. Raf1 Kh8 16. Kh1 a5 17. d4 Rfe8 18. Nf5 Nxf5 19. exf5 Bg8 20. Qh4 exd4 21. exd4 Re3 22. Ne4 Re8 23. Rf4 Qe7 24. Ng3 Bd5 25. h3 Qf7 26. Kh2 a4 27. bxa4 bxa4 28. Rg4 R8e7 29.
Ra1 Qe8 30. Nh5 R3e4 31. Nxf6 g5 32. fxg6 Qxg6 33. Rxg6 Rxh4 34. Nxd5 Re2 35. Rg3 Rxd4 36. Nc3 Rxc2 37. Rxa4 Rxa4 38. Nxa4 Rc4 39. b3 Rb4 40. Rc3 c5 41. Nb2 d5 42. Nd3 Rb8 43. Nxc5 d4 44.
Rd3 Rb5 45. Ne6 Re5 46. Nxd4 Rd5 47. b4 Kg8 48. b5 Rd6 49. Rg3+ Kf7 50. Nc6 Rd5 51. Rb3 1-0

[Event "Early-Titled-Tuesday-Blitz-September-12-2023"]
[Site "Chess.com"]
[Date "2023.09.12"]
[Round "2"]
[White "Andrei_Belozerov"]
[Black "MrTattaglia"]
[Result "0-1"]
[WhiteElo "2590"]
[BlackElo "2922"]
[TimeControl "180+1"]
[EndTime "8:17:40 PDT"]
[Termination "MrTattaglia won by resignation"]

1. d4 Nf6 2. c4 g6 3. g3 c5 4. dxc5 Qa5+ 5. Nc3 Bg7 6. Bg2 Nc6 7. Nf3 Ne4 8. O-O Nxc3 9. bxc3 Qxc5 10. Qd5 d6 11. Be3 Qxd5 12. cxd5 Ne5 13. Nxe5 Bxe5 14. Rab1 b6 15.
f4 Bf6 16. c4 Ba6 17. Rfc1 Rc8 18. Be4 O-O 19. Bd3 Rc7 20. a4 Rfc8 21. a5 bxa5 22. Ra1 Bxa1 23. Rxa1 Bxc4 24. Bxc4 Rxc4 25. Rxa5 R4c7 26.
Kf2 Ra8 27. Ra6 f5 28. h3 Rb7 29. g4 Rb5 30. Rc6 Rxd5 31. Rc7 a5 32. Rxe7 a4 33. Bc1 a3 34. g5 a2 35. Bb2 a1=Q 36.
Rg7+ Kf8 0-1

[Event "Early-Titled-Tuesday-Blitz-September-12-2023"]
[Site "Chess.com"]
[Date "2023.09.12"]
[Round "2"]
[White "Maus7"]
[Black "HanSchut"]
[Result "1-0"]
[WhiteElo "2496"]
[BlackElo "2250"]
[TimeControl "180+1"]
[EndTime "8:17:42 PDT"]
[Termination "Maus7 won on time"]

1. d4 Nf6 2. c4 g6 3. Nc3 d5 4. cxd5 Nxd5 5. e4 Nxc3 6. bxc3 Bg7 7. Nf3 c5 8. Rb1 O-O 9. Be2 Nc6 10. d5 Ne5 11. Nxe5 Bxe5 12. Qd2 e6 13. f4 Bc7 14. O-O exd5 15. exd5 Ba5 16. Ba3 Bf5 17. Rxb7 Bb6 18. d6 Be4 19. Re7 Bc6 20. Bc4 Qc8 21. f5 Bd8 22.
Rxf7 Rxf7 23. fxg6 hxg6 24. Qh6 Be8 25. Qxg6+ Kh8 26. Bxf7 1-0

[Event "Early-Titled-Tuesday-Blitz-September-12-2023"]
[Site "Chess.com"]
[Date "2023.09.12"]
[Round "2"]
[White "ljuks68"]
[Black "LUISMIGUELOV"]
[Result "0-1"]
[WhiteElo "2446"]
[BlackElo "2105"]
[TimeControl "180+1"]
[EndTime "8:17:42 PDT"]
[Termination "LUISMIGUELOV won on time"]

1. e4 c6 2. d4 d5 3. e5 c5 4.
Nf3 Bg4 5. dxc5 Nc6 6. Be3 e6 7. h3 Bxf3 8. Qxf3 Nxe5 9. Qg3 Nc6 10. Nc3 Nf6 11. O-O-O a6 12. Be2 Rc8 13. Rhe1 Qc7 14. f4 d4 15. Bxd4 Nxd4 16. Rxd4 Bxc5 17.
Rd3 O-O 18. Kb1 Bb4 19. Rc1 Bxc3 20. Rxc3 Ne4 21. Rxc7 Nxg3 22. Rxc8 Rxc8 23. Bf3 Rc7 24. c4 b6 25. b4 a5 26. bxa5 bxa5 27. Kb2 Kf8 28.
Kc3 Ke7 29. Rb1 Nf5 30. Rb5 Nd6 31. Rxa5 Rxc4+ 32. Kb3 Rxf4 33. Ra7+ Kf6 34. a4 Ne4 35. a5 Nd2+ 36. Ka3 Nxf3 37. gxf3 Rxf3+ 38. Kb4 Rxh3 39. a6 Rh1 40. Rb7 Ra1 41. a7 h5 42. Kb5 h4 43.
Kb6 g5 44. Rc7 h3 45. Rc5 Rxa7 0-1

[Event "Early-Titled-Tuesday-Blitz-September-12-2023"]
[Site "Chess.com"]
[Date "2023.09.12"]
[Round "2"]
[White "Happy1712Drummer"]
[Black "GeorgiosSouleidis"]
[Result "0-1"]
[WhiteElo "2360"]
[BlackElo "2538"]
[TimeControl "180+1"]
[EndTime "8:17:44 PDT"]
[Termination "GeorgiosSouleidis won on time"]

1. e4 c5 2. g3 e6 3. Bg2 a6 4. Ne2 Nc6 5. O-O d6 6. c3 Nf6 7. d4 cxd4 8. cxd4 Be7 9. Nbc3 O-O 10. h3 Bd7 11. a4 Rc8 12. Be3 Na5 13. b3 Re8 14.
Rb1 e5 15. d5 h6 16. Qd3 Nh7 17. h4 Rf8 18. Rfc1 f5 19. exf5 Bxf5 20. Be4 Qd7 21.
Bb6 Bd8 22. Bxf5 Rxf5 23. Bxd8 Rxd8 24. b4 Rdf8 25. Ne4 Rf3 26. Qd2 Nb3 27. Rxb3 Rxb3 0-1

[Event "Early-Titled-Tuesday-Blitz-September-12-2023"]
[Site "Chess.com"]
[Date "2023.09.12"]
[Round "2"]
[White "JiiHart"]
[Black "MathiasWomacka"]
[Result "0-1"]
[WhiteElo "2120"]
[BlackElo "2470"]
[TimeControl "180+1"]
[EndTime "8:17:45 PDT"]
[Termination "MathiasWomacka won on time"]

1. e4 c5 2. c3 d5 3. exd5 Qxd5 4. d4 Nf6 5. Nf3 e6 6. Na3 Nc6 7. Be3 cxd4 8. Nb5 Qd7 9. Nbxd4 Nd5 10. Bb5 Nxe3 11. fxe3 Bd6 12. Qa4 O-O 13. Nxc6 bxc6 14. Bxc6 Qc7 15. Bxa8 Bd7 16. Qh4 Rxa8 17. O-O h6 18. Nd4 Rb8 19. Rf2 Be8 20. Raf1 Qa5 21. a3 Qe5 22. Qf4 Qc5 23. Qf3 Qe5 24. g3 Qg5 25. b4 Rc8 26. e4 Be5 27. Kg2 g6 28. h4 Qe7 29. h5 g5 30. Qe3 f6 31. Rf3 Bxh5 32. R3f2 Bg6 33. Rf3 Kg7 34. Rh1 h5 35. g4 hxg4 36. Rf2 Rh8 0-1